 Dungeon Crawl Stone Soup version 0.20.1-1-g8b1a95d (webtiles) character file.

195 Thyosulf the Ruffian (level 5, -1/44 HPs)
             Began as a Naga Transmuter on Dec 7, 2017.
             Was a Believer of Cheibriados.
             Slain by Pikel
             ... wielding a +2 whip of flaming
              (8 damage)
             ... on level 4 of the Dungeon.
             The game lasted 00:20:26 (3288 turns).

Thyosulf the Ruffian (Naga Transmuter)              Turns: 3288, Time: 00:20:27

Health: -1/44      AC:  4    Str: 18    XL:     5   Next: 74%
Magic:  2/8        EV: 10    Int: 17    God:    Cheibriados [**....]
Gold:   194        SH:  0    Dex: 15    Spells: 5/8 levels left

rFire    . . .     SeeInvis +     - Unarmed
rCold    + . .     Gourm    +   (no shield)
rNeg     . . .     Faith    .   h - +1 leather armour
rPois    +         Spirit   .   (no helmet)
rElec    .         Reflect  .   (no cloak)
rCorr    .         Harm     .   (no gloves)
MR       .....                  (no barding)
Stlth    +.........             o - amulet of the gourmand
Regen    0.2/turn               n - ring of protection from cold
MPRegen  0.2/turn               (no ring)

@: very slow
A: see invisible, deformed body, poison resistance, slowness 2, slow metabolism
1, spit poison 1, AC +1
a: Spit Poison, Bend Time, Renounce Religion


You were on level 4 of the Dungeon.
You worshipped Cheibriados.
Cheibriados was pleased with you.
You were not hungry.

You visited 1 branch of the dungeon, and saw 4 of its levels.

You collected 194 gold pieces.

Inventory:

Hand Weapons
 f - a +2 dagger of flaming
Missiles
 a - 33 arrows
 i - 2 tomahawks
 m - 101 stones (quivered)
Armour
 e - a +0 robe
 h - a +1 leather armour (worn)
Jewellery
 n - a ring of protection from cold (left hand)
 o - an amulet of the gourmand (around neck)
Wands
 r - a wand of digging (8/24)
Scrolls
 g - 3 scrolls of remove curse
 l - a scroll of blinking
 u - a scroll of identify
Potions
 b - 2 potions of curing
 j - a potion of berserk rage
 t - a potion of magic {unknown}
Books
 c - a book of Changes

   Spells                             Type                      Level
   a - Beastly Appendage              Transmutation                1
   b - Sticks to Snakes               Transmutation                2
   c - Spider Form                    Transmutation/Poison         3
   d - Ice Form                       Ice/Transmutation            4
   e - Blade Hands                    Transmutation                5
Comestibles
 d - 2 bread rations
 k - 2 fruits
 q - a meat ration
 s - a royal jelly


   Skills:
 + Level 1.3 Fighting
 + Level 0.4 Short Blades
 - Level 1.1 Armour
 + Level 2.0 Dodging
 + Level 0.4 Stealth
 * Level 4.4 Unarmed Combat
 + Level 2.3 Spellcasting
 * Level 3.5 Transmutations


You had 5 spell levels left.
You knew the following spells:

 Your Spells              Type           Power        Failure   Level  Hunger
a - Beastly Appendage     Tmut           ##....       5%          1    #......
b - Sticks to Snakes      Tmut           ##......     8%          2    ##.....


Dungeon Overview and Level Annotations

Branches:
Dungeon (4/15)
 Temple: D:4-7

Altars:
Cheibriados

Annotations:
D:4 Pikel


Innate Abilities, Weirdness & Mutations

You cannot wear boots.
Your serpentine skin is tough. (AC +1)
You have supernaturally acute eyesight. (SInv)
Armour fits poorly on your strangely shaped body.
Your system is resistant to poisons. (rPois)
You cover ground very slowly.
You have a slow metabolism.
You can spit poison.


Message History

Pikel is lightly wounded.
Your horns disappear.
You hit Pikel.
Pikel is lightly wounded.
Pikel barely misses you.
Your leather armour prevents you from hitting Pikel.
Pikel is lightly wounded.
You barely miss Pikel.
Pikel is lightly wounded.
Pikel hits you with a whip of flaming.
* * * LOW HITPOINT WARNING * * *
Pikel burns you.
* * * LOW HITPOINT WARNING * * *
You hit Pikel.
Pikel is moderately wounded.
You have got your breath back.
Your leather armour prevents you from hitting Pikel.
Pikel is moderately wounded.
Pikel hits you with a whip of flaming!
You die...

>. . .# ##. #. .. .. ..
#. ##.###.# . #.##
#......# ... ..#
##.###.##
....p###.#######.......#
...pppK@.##.............
....####..##......####<.
. #.......######.รท#
#.##.##..........
#.#..########...#
###...## #.....
######....## #...###
#......##...# ...#.
#.#######...# ####..


You could see Pikel and 4 slaves.

Vanquished Creatures
  Ijyb (D:3)
  An orc wizard (D:3)
  6 adders
  An adder zombie (D:3)
  A worm (D:2)
  2 dart slugs
  6 leopard geckos
  3 orcs (D:3)
  7 bats
  5 giant cockroaches
  4 hobgoblins
  7 jackals
  10 kobolds
  A quokka (D:3)
  2 ball pythons
  4 frilled lizards (D:2)
  7 goblins
  3 rats
71 creatures vanquished.

Notes
Turn   | Place    | Note
-------+----------+-------------------------------------------
     0 | D:1      | Thyosulf the Naga Transmuter began the quest for the Orb.
     0 | D:1      | Reached XP level 1. HP: 18/18 MP: 3/3
   115 | D:1      | Reached XP level 2. HP: 24/25 MP: 3/5
   123 | D:1      | Learned a level 2 spell: Sticks to Snakes
   703 | D:2      | Reached XP level 3. HP: 31/31 MP: 4/6
   724 | D:2      | Found a snail-covered altar of Cheibriados.
   727 | D:2      | Became a worshipper of Cheibriados the Contemplative
   885 | D:2      | Reached skill level 4 in Unarmed Combat
  1380 | D:2      | Reached XP level 4. HP: 29/38 MP: 5/7
  1390 | D:2      | Reached skill level 1 in Armour
  1400 | D:2      | Reached * piety under Cheibriados
  2250 | D:3      | Reached XP level 5. HP: 5/44 MP: 4/8
  2253 | D:3      | HP: 2/44 [orc/flail (3)]
  2701 | D:3      | Reached ** piety under Cheibriados
  2827 | D:3      | Noticed Ijyb
  2849 | D:3      | Killed Ijyb
  3271 | D:4      | Noticed Pikel
  3271 | D:4      | Noticed a slave
  3271 | D:4      | Noticed a slave
  3272 | D:4      | Noticed a slave
  3272 | D:4      | Noticed a slave
  3288 | D:4      | Slain by Pikel

Skill      XL: |  1  2  3  4  5 |
---------------+----------------+-----
Unarmed Combat | 4 |  4.4
Armour         | 1 |  1.1
Transmutations | 3 |  3.5
Dodging        | 2 |  2.0
Fighting       | |  1.3
Short Blades   | |  0.4
Stealth        | |  0.4
Spellcasting   | |  2.3

Action                   |  1- 3 |  4- 6 || total
-------------------------+-------+-------++-------
Melee: Unarmed           |   108 |    96 ||   204
       Headbutt          |    13 |    20 ||    33
       Punch             |     1 |     3 ||     4
       Dagger            |       |    59 ||    59
Throw: Stone             |     1 |     1 ||     2
 Cast: Beastly Appendage |    26 |    26 ||    52
       Sticks to Snakes  |       |     2 ||     2
Invok: Bend Time         |       |     2 ||     2
 Abil: Spit Poison       |       |     1 ||     1
  Use: Scroll            |       |     9 ||     9
       Potion            |       |     1 ||     1
 Stab: Distracted        |       |     1 ||     1
  Eat: Chunk             |     1 |     8 ||     9
Armor: Robe              |     1 |       ||     1
       Leather armour    |    28 |    29 ||    57
Dodge: Dodged            |    56 |    92 ||   148
